 Dungeon Crawl Stone Soup version 0.19.5 (webtiles) character file.

459 Haldmier the Ogre Mage (level 7, -3/59 HPs)
             Began as an Ogre Wizard on Apr 23, 2017.
             Was a Follower of Kikubaaqudgha.
             Slain by an orc wizard
             ... wielding a +0 dagger
              (7 damage)
             ... on level 4 of the Dungeon.
             The game lasted 00:27:46 (5792 turns).

Haldmier the Ogre Mage (Ogre Wizard)                Turns: 5792, Time: 00:27:46

Health: -3/59      AC:  4    Str: 13    XL:     7   Next: 6%
Magic:  8/12       EV: 10    Int: 19    God:    Kikubaaqudgha [*.....]
Gold:   279        SH:  0    Dex: 10    Spells: 6 memorised, 0 levels left

rFire  . . .     SeeInvis .     t - +1 flail
rCold  . . .     Gourm    .     a - +0 robe
rNeg   . . .     Faith    .     (no shield)
rPois  .         Spirit   .     b - +0 hat
rElec  .         Reflect  .     p - +0 cloak
rCorr  .         Harm     .     (gloves unavailable)
MR     .....                    (boots unavailable)
Stlth  ++........               o - amulet of magic regeneration
                                u - +2 ring of intelligence
                                (no ring)

@: very slightly contaminated, repel missiles
A: unfitting armour, tough skin 1
a: Receive Corpses, Renounce Religion


You were on level 4 of the Dungeon.
You worshipped Kikubaaqudgha.
Kikubaaqudgha was aware of your devotion.
You were not hungry.

You visited 1 branch of the dungeon, and saw 4 of its levels.

You collected 279 gold pieces.

Inventory:

Hand Weapons
 t - a +1 flail (weapon)
Missiles
 f - 8 tomahawks (quivered)
Armour
 a - a +0 robe (worn)
 b - a +0 hat (worn)
 p - a +0 cloak (worn)
Jewellery
 o - an amulet of magic regeneration (around neck)
 u - a +2 ring of intelligence (right hand)
Wands
 k - a wand of flame (39/48)
Scrolls
 e - a scroll of blinking
 l - a scroll of recharging {unknown}
 n - 2 scrolls of remove curse
 r - 3 scrolls of identify
 w - 2 scrolls of fear {unknown}
Potions
 g - a potion of brilliance {unknown}
 i - 3 potions of heal wounds
 j - a potion of magic
 s - a potion of might {unknown}
 v - a potion of invisibility {unknown}
Books
 c - a book of Minor Magic

   Spells                             Type                      Level
   a - Magic Dart                     Conjuration                  1
   b - Blink                          Translocation                2
   c - Call Imp                       Summoning                    2
   d - Repel Missiles                 Charms/Air                   2
   e - Slow                           Hexes                        2
   f - Conjure Flame                  Conjuration/Fire             3
   g - Mephitic Cloud                 Conjuration/Poison/Air       3
 x - Kikubaaqudgha's Guide on Black Rituals
   (Kikubaaqudgha gifted it to you on level 4 of the Dungeon)

   Spells                             Type                      Level
   a - Pain                           Necromancy                   1
   b - Corpse Rot                     Necromancy                   2
   c - Sublimation of Blood           Necromancy                   2
   d - Vampiric Draining              Necromancy                   3
   e - Control Undead                 Necromancy                   4
Comestibles
 d - 3 bread rations
 h - a meat ration
 m - a fruit
 q - 6 chunks of flesh
 z - a slice of pizza


   Skills:
 * Level 3.8 Maces & Flails
 - Level 1.7 Dodging
 - Level 1.4 Stealth
 + Level 3.9 Spellcasting
 + Level 2.4 Conjurations
 + Level 0.0 Charms
 + Level 2.0 Summonings
 + Level 1.2 Translocations
 + Level 0.9 Fire Magic
 + Level 1.3 Air Magic
 + Level 1.9 Poison Magic


You couldn't memorise any spells.
You knew the following spells:

 Your Spells              Type           Power        Failure   Level  Hunger
a - Magic Dart            Conj           ##..         8%          1    None
b - Blink                 Tloc           N/A          14%         2    ##.....
c - Call Imp              Summ           ##......     10%         2    ##.....
d - Mephitic Cloud        Conj/Pois/Air  ##......     21%         3    ###....
e - Conjure Flame         Conj/Fire      ##......     21%         3    ###....
f - Repel Missiles        Chrm/Air       #.....       17%         2    ##.....


Dungeon Overview and Level Annotations

Branches:
Dungeon (4/15)
 Temple: D:4-7

Altars:
Ashenzari
Cheibriados
Kikubaaqudgha
Qazlal
Ru


Innate Abilities, Weirdness & Mutations

You are too large for most types of armour.
You have tough skin. (AC +1)


Message History

You take 7 damage, and have 8/59 hp.
You sock the orc wizard!
The orc wizard is severely wounded.
The orc wizard hits you with a dagger.
* * * LOW HITPOINT WARNING * * *
The orc wizard points at you and mumbles some strange words.
The magic dart hits you!
* * * LOW HITPOINT WARNING * * *
You take 4 damage, and have 4/59 hp.
Casting: Magic Dart
Confirm with . or Enter, or press ? or * to list all spells.
A beastly little devil appears in a puff of flame.
The orc wizard hits you but does no damage.
You now have 8/12 mp.
You barely miss the orc wizard.
The orc wizard is heavily wounded.
The orc wizard is no longer moving quickly.
The orc wizard hits you with a dagger!
You die...
Kikubaaqudgha rasps: "You have failed me!
Welcome... death!"

#...#oo.......#..#............#..
#...'.........#..#............#..
#...#.........#..#............#..
#...#...o.....#..#............#..
#...#.........#..#............'..
#'###..########..###########'##..
...##..##....##..##..#####.......
...#..['.................#.......
..o#...#.).)[.5o@........'.......
...#...#.................#....[..
...######..########'######.......
........#..####..#.......<.....#+
........#...#....#........)....'.
........#...#....#.............#.
........#...'....#.............#.
........##########....#'#####'##.
#'#####...............#..#.....#.


You could see an orc wizard and a friendly crimson imp.

Vanquished Creatures
  An orc priest (D:4)
  A hound (D:4)
  A worker ant (D:4)
  Ijyb (D:3)
  An iguana (D:4)
  4 orc wizards (D:4)
  2 hound skeletons (D:4)
  Robin (D:2)
  4 gnolls (D:3)
  An adder (D:4)
  An ooze (D:2)
  2 adder skeletons (D:4)
  3 worms (D:2)
  3 dart slugs (D:1)
  A leopard gecko (D:1)
  16 orcs
  6 bats
  3 giant cockroaches
  10 goblins
  8 hobgoblins
  2 jackals (D:4)
  3 kobolds
  2 quokkas (D:2)
  2 ball pythons
  8 frilled lizards
  7 rats
94 creatures vanquished.

Vanquished Creatures (collateral kills)
  A worker ant (D:4)
  An adder (D:2)
  3 worms (D:2)
  A dart slug (D:2)
  A giant cockroach (D:2)
  2 hobgoblins
  A quokka (D:2)
  A rat (D:1)
11 creatures vanquished.

Grand Total: 105 creatures vanquished

Notes
Turn   | Place    | Note
-------+----------+-------------------------------------------
     0 | D:1      | Haldmier the Ogre Wizard began the quest for the Orb.
     0 | D:1      | Reached XP level 1. HP: 16/16 MP: 5/5
    46 | D:1      | Reached skill level 1 in Conjurations
   168 | D:1      | Reached XP level 2. HP: 24/24 MP: 1/6
   218 | D:1      | Learned a level 2 spell: Blink
   221 | D:1      | Learned a level 2 spell: Call Imp
   430 | D:1      | Reached skill level 1 in Summonings
   761 | D:1      | Reached XP level 3. HP: 31/31 MP: 5/8
  1089 | D:1      | Learned a level 3 spell: Mephitic Cloud
  1235 | D:2      | Noticed Robin
  1471 | D:2      | Killed Robin
  1471 | D:2      | Reached skill level 1 in Maces & Flails
  1675 | D:2      | Reached XP level 4. HP: 11/39 MP: 6/9
  2290 | D:2      | Reached skill level 1 in Poison Magic
  2823 | D:2      | Found a stormy altar of Qazlal.
  2825 | D:2      | Found an ancient bone altar of Kikubaaqudgha.
  2825 | D:2      | Found a sacrificial altar of Ru.
  2836 | D:2      | Became a worshipper of Kikubaaqudgha
  3173 | D:3      | Found a shattered altar of Ashenzari.
  3175 | D:3      | Found a snail-covered altar of Cheibriados.
  3341 | D:3      | Noticed Ijyb
  3372 | D:3      | Killed Ijyb
  3372 | D:3      | Reached XP level 5. HP: 36/45 MP: 10/10
  3634 | D:3      | Learned a level 3 spell: Conjure Flame
  4314 | D:4      | Reached skill level 1 in Translocations
  4314 | D:4      | Reached skill level 1 in Air Magic
  4314 | D:4      | Reached XP level 6. HP: 42/53 MP: 9/11
  4659 | D:4      | Reached * piety under Kikubaaqudgha
  4659 | D:4      | Identified Kikubaaqudgha's Guide on Black Rituals (Kikubaaqudgha gifted it to you on level 4 of the Dungeon)
  4659 | D:4      | Received a gift from Kikubaaqudgha
  5520 | D:4      | Reached XP level 7. HP: 51/59 MP: 10/12
  5528 | D:4      | Learned a level 2 spell: Repel Missiles
  5792 | D:4      | Slain by an orc wizard

Skill      XL: |  1  2  3  4  5  6 |
---------------+-------------------+-----
Conjurations   | 1 2 |  2.4
Summonings     | 1 2 |  2.0
Maces & Flails | 1 2 3 |  3.8
Poison Magic   | 1 |  1.9
Translocations | 1 |  1.2
Air Magic      | 1 |  1.3
Dodging        | |  1.7
Stealth        | |  1.4
Spellcasting   | |  3.9
Fire Magic     | |  0.9

Action                   |  1- 3 |  4- 6 |  7- 9 || total
-------------------------+-------+-------+-------++-------
Melee: Short sword       |     7 |       |       ||     7
       Mace              |    47 |   113 |       ||   160
       Flail             |       |    86 |     7 ||    93
 Cast: Magic Dart        |    63 |    85 |    13 ||   161
       Call Imp          |     4 |    11 |     1 ||    16
       Mephitic Cloud    |       |    10 |     1 ||    11
       Repel Missiles    |       |       |     1 ||     1
  Use: Scroll            |       |     9 |       ||     9
       Potion            |       |     1 |       ||     1
 Stab: Sleeping          |     1 |     2 |       ||     3
       Confused          |       |     3 |       ||     3
       Distracted        |       |     2 |       ||     2
  Eat: Chunk             |     2 |    13 |     1 ||    16
       Fruit             |       |     1 |       ||     1
Armor: Robe              |    25 |    68 |     3 ||    96
Dodge: Dodged            |    43 |   120 |     2 ||   165
